 Dungeon Crawl Stone Soup version 0.27.1-1-g398f81649c (webtiles) character file.

Game seed: 7107725686692157448

6241 Borgoz the Carver (level 10, -11/64 HPs)
             Began as a Gargoyle Berserker on Sept 21, 2021.
             Was a High Priest of Trog.
             Mangled by a death yak (18 damage)
             ... on level 10 of the Dungeon.
             The game lasted 00:09:47 (9165 turns).

Borgoz the Carver (Gargoyle Berserker)              Turns: 9165, Time: 00:09:47

Health: -11/64     AC: 19    Str: 23    XL:     10   Next: 93%
Magic:  0/10       EV: 13    Int:  9    God:    Trog [*****.]
Gold:   497        SH:  0    Dex: 12    Spells: 9/9 levels left

rFire    . . .     SeeInvis .   a - +11 scimitar of Chaos {venom, rElec rC- rN++ Str+3}
rCold    . . .     Faith    .   (no shield)
rNeg     + + +     Spirit   +   m - +0 scale mail
rPois    ∞         Reflect  .   p - +2 hat
rElec    +         Harm     .   l - +1 cloak
rCorr    +         Rampage  .   (no gloves)
Will     .....                  (no boots)
Stlth    ..........             k - amulet of guardian spirit
HPRegen  0.20/turn              o - ring of protection from cold
MPRegen  0.12/turn              v - ring of resist corrosion

@: on berserk cooldown, hasted and slowed
A: sickness immunity, AC +7, negative energy resistance 1, electricity
resistance, torment resistance 1, petrification resistance
a: Renounce Religion, Berserk, Trog's Hand, Brothers in Arms


You were on level 10 of the Dungeon.
You worshipped Trog.
Trog was extremely pleased with you.
You visited 2 branches of the dungeon, and saw 11 of its levels.

You collected 497 gold pieces.

Inventory:

Hand Weapons
 a - the +11 scimitar of Chaos (weapon) {venom, rElec rC- rN++ Str+3}
   (You found it on level 6 of the Dungeon)

   It poisons the flesh of those it strikes.
   Str:       It affects your strength (+3).
   rC:        It makes you vulnerable to cold.
   rElec:     It insulates you from electricity.
   rN:        It greatly protects you from negative energy.
 b - a +3 great sword
Armour
 l - a +1 cloak (worn)
 m - a +0 scale mail (worn)
 p - a +2 hat (worn)
Jewellery
 k - an amulet of guardian spirit (around neck)
 o - a ring of protection from cold (left hand)
 v - a ring of resist corrosion (right hand)
Wands
 q - a wand of flame (63)
 t - a wand of mindburst (29)
Scrolls
 g - 2 scrolls of enchant armour
 r - 3 scrolls of fear
 s - a scroll of blinking
 x - 3 scrolls of teleportation
Potions
 c - a potion of attraction
 d - 4 potions of curing
 e - 2 potions of haste
 f - a potion of resistance
 h - 2 potions of berserk rage
 i - 3 potions of might {unknown}
 j - 2 potions of lignification {unknown}
 n - a potion of invisibility {unknown}
 u - a potion of brilliance {unknown}


   Skills:
 + Level 8.0 Fighting
 * Level 9.1 Long Blades
 + Level 7.5 Armour
 * Level 8.0 Dodging


You had 9 spell levels left.
You didn't know any spells.
Your spell library was empty.

Dungeon Overview and Level Annotations

Branches:
Dungeon (10/15)            Temple (1/1) D:4
   Lair: D:8-11         Orc: D:9-12

Altars:
Ashenzari
Dithmenos
Elyvilon
Fedhas
Gozag
Hepliaklqana
Kikubaaqudgha
Makhleb
Nemelex Xobeh
Okawaru
Qazlal
Ru
Sif Muna
Trog
Uskayaw
Vehumet
Wu Jian
Xom
Yredelemnul
Zin
The Shining One
Lugonu


Innate Abilities, Weirdness & Mutations

You are immune to sickness and miasma.
Your stone body is resilient. (AC +7)
You are immune to poison.
You resist negative energy. (rN+)
You are resistant to electric shocks. (rElec)
You are resistant to unholy torment.
You are immune to petrification.


Message History

The death yak is lightly wounded.
The river rat closely misses you. The hell rat closely misses you.
You riposte.
You slash the hell rat!
The hell rat is almost dead.
The death yak gores you!
* * * LOW HITPOINT WARNING * * *
Things that are here:
a quokka corpse; a hell rat corpse You hit the river rat.
The river rat is poisoned.
The river rat is moderately wounded.
You slash the river rat!
You kill the river rat!
Trog accepts your kill.
You slash the hell rat!
You kill the hell rat!
Trog accepts your kill.
Your Fighting skill increases to level 8!
You are no longer berserk.
You are exhausted.
You feel yourself slow down.
The quokka bites you but does no damage.
The death yak barely misses you.
You riposte.
You completely miss the death yak.
The death yak is lightly wounded.
Items here: ( ) †††.
Okay, then.
You feel yourself speed up. The quokka closely misses you.
You riposte.
You slash the quokka!
You kill the quokka!
Trog accepts your kill. The death yak gores you!
* * * LOW HITPOINT WARNING * * *
Things that are here:
a quokka corpse; a hell rat corpse The death yak gores you!
* * * LOW HITPOINT WARNING * * *
The death yak looks more healthy.
There is a stone staircase leading up here.
The death yak gores you!!
You die...

#/# #.##.#.###.#
.######.###Y##.#......
.......)........#
########.#####..# ##
#.# #..##...# #.#
#Y....... #.#
#.###...# #.#####.#
.## #..@YY..# #
####.#### #.#
#.#######. #.........
#########.


You could see 2 death yaks.

Vanquished Creatures
  A two-headed ogre (D:10)
  A death yak (D:10)
  Pikel (D:8)
  A troll (D:10)
  Grinder (D:3)
  Sigmund (D:3)
  A wyvern (D:6)
  A human (D:9)
  Eustachio (D:5)
  A steam dragon (D:8)
  A water moccasin (D:5)
  An orc warrior (D:8)
  An ice beast (D:8)
  2 hornet zombies (D:7)
  A necrophage (D:6)
  A sky beast (D:7)
  2 centaurs
  An ogre (D:5)
  3 phantoms
  A lemure (D:8)
  A kobold brigand (D:7)
  3 bullfrogs
  9 scorpions
  A wyvern skeleton (D:7)
  2 water moccasin skeletons
  5 wights (D:9)
  2 centaur zombies
  5 howler monkeys
  7 hounds
  A gnoll shaman (D:9)
  3 orc priests
  A bullfrog skeleton (D:6)
  3 iguanas
  8 orc wizards
  2 hell rats (D:10)
  A howler monkey zombie (D:8)
  5 adders
  4 gnolls (D:9)
  A river rat (D:10)
  2 shadow imps
  2 ufetubi
  2 adder skeletons (D:4)
  2 worms
  2 dart slugs
  25 orcs
  4 ball pythons
  5 endoplasms
  2 giant cockroaches
  14 goblins
  5 hobgoblins
  3 jackals (D:2)
  12 kobolds
  10 quokkas
  10 bats
  3 frilled lizards (D:3)
  5 rats (D:2)
196 creatures vanquished.

Vanquished Creatures (others)
  4 fungi (D:9)
4 creatures vanquished.

Grand Total: 200 creatures vanquished

Notes
Turn   | Place    | Note
-------+----------+-------------------------------------------
     0 | D:1      | Borgoz the Gargoyle Berserker began the quest for the Orb.
     0 | D:1      | Reached XP level 1. HP: 14/14 MP: 1/1
   451 | D:1      | Reached XP level 2. HP: 17/19 MP: 2/2
   747 | D:2      | Found a faded altar of an unknown god.
   827 | D:2      | Reached skill level 3 in Long Blades
  1074 | D:2      | Reached XP level 3. HP: 14/23 MP: 3/3
  1651 | D:2      | Reached ** piety under Trog
  1792 | D:2      | Reached XP level 4. HP: 29/29 MP: 4/4
  2288 | D:3      | Found a sacrificial altar of Ru.
  2699 | D:3      | Noticed Sigmund
  2702 | D:3      | Found a burning altar of Makhleb.
  2702 | D:3      | Noticed a green death
  2707 | D:3      | Killed Sigmund
  2708 | D:3      | Reached skill level 4 in Long Blades
  2708 | D:3      | Reached XP level 5. HP: 28/33 MP: 1/5
  2708 | D:3      | Reached XP level 6. HP: 33/38 MP: 1/6
  2845 | D:3      | Noticed Grinder
  2907 | D:3      | Killed Grinder
  2908 | D:3      | Reached XP level 7. HP: 23/44 MP: 3/7
  3101 | D:3      | Found a glowing silver altar of Zin.
  3101 | D:3      | Noticed an angel
  3532 | D:4      | Found a shadowy altar of Dithmenos.
  3696 | D:4      | Found a staircase to the Ecumenical Temple.
  3705 | D:4      | Reached skill level 5 in Long Blades
  3910 | D:4      | Reached *** piety under Trog
  4122 | Temple   | Entered the Ecumenical Temple
  4185 | D:5      | Entered Level 5 of the Dungeon
  4205 | D:5      | Reached skill level 5 in Fighting
  4260 | D:5      | Reached XP level 8. HP: 49/49 MP: 8/8
  4490 | D:5      | Found a hazy altar of Hepliaklqana.
  4888 | D:5      | Reached skill level 5 in Dodging
  4906 | D:5      | Reached skill level 6 in Long Blades
  4906 | D:5      | Reached skill level 5 in Armour
  5473 | D:5      | Noticed Eustachio
  5498 | D:5      | Killed Eustachio
  5667 | D:6      | Identified the +11 scimitar of Chaos {venom, rElec rC- rN++
                  | Str+3}
  5810 | D:6      | Noticed a wyvern
  5812 | D:6      | Killed a wyvern
  5813 | D:6      | Reached XP level 9. HP: 55/55 MP: 9/9
  6225 | D:6      | Found a broken altar of Ashenzari.
  6225 | D:6      | Found an iron altar of Okawaru.
  6226 | D:6      | Found a shimmering blue altar of Sif Muna.
  6226 | D:6      | Found an ancient bone altar of Kikubaaqudgha.
  6227 | D:6      | Found a bloodstained altar of Trog.
  6433 | D:6      | Found an ornate altar of the Wu Jian Council.
  6626 | D:6      | Found an opulent altar of Gozag.
  6626 | D:6      | Found a sparkling altar of Nemelex Xobeh.
  6684 | D:7      | Reached **** piety under Trog
  6774 | D:7      | Reached skill level 7 in Long Blades
  7540 | D:8      | Found a stormy altar of Qazlal.
  7636 | D:8      | Noticed Pikel
  7645 | D:8      | Killed Pikel
  7646 | D:8      | Reached skill level 8 in Long Blades
  7646 | D:8      | Reached XP level 10. HP: 60/63 MP: 8/10
  8332 | D:9      | Found a runed translucent door.
  8412 | D:9      | Reached ***** piety under Trog
  8926 | D:9      | Found a basalt altar of Yredelemnul.
  8979 | D:10     | Entered Level 10 of the Dungeon
  9002 | D:10     | Noticed a two-headed ogre
  9010 | D:10     | Killed a two-headed ogre
  9112 | D:10     | Noticed a death yak
  9112 | D:10     | Noticed a death yak
  9118 | D:10     | Noticed a death yak
  9130 | D:10     | Killed a death yak
  9131 | D:10     | Reached skill level 9 in Long Blades
  9143 | D:10     | HP: 3/64 [death yak (5)]
  9165 | D:10     | Mangled by a death yak

Illustrated notes

Levels and vault maps discovered:
D:1:      eino_arrival_tree_alley, layout_basic
D:2:      layout_loops_ring, shapermc_ecumenical_altar_starsandcircs,
          minivault_5, minmay_joined_circles
D:3:      minmay_door_path, layout_basic,
          grunt_temple_overflow_order_and_chaos_2, nicolae_ru_awakened_eye,
          kennysheep_generic_room_2, uniq_sigmund, uniq_grinder
D:4:      layout_rooms, nicolae_dithmenos_through_a_glass_darkly,
          minmay_temple_entry_metal_lava, kennysheep_generic_room_12
D:5:      layout_gridville, mainiacjoe_overflow_catwalk, uniq_eustachio
D:6:      layout_basic, grunt_temple_overflow_opulence,
          pdpol_wu_jian_five_deadly_venoms, minitemple, minmay_misc_feat_doors,
          st_stairs_13, hangedman_decor_riveting
D:7:      layout_loops_ring
D:8:      layout_loops_corners, mainiacjoe_overflow_24_doors, uniq_pikel
D:9:      old_forge, layout_cave_pools, dk_yredelemnul_ordeal
D:10:     layout_loops_ring, lemuel_crystal_altar, dpeg_lair_monsters,
          orc_0_dummy
Temple:   corrupted_temple

Skill      XL: |  1  2  3  4  5  6  7  8  9 10 |
---------------+-------------------------------+-----
Long Blades    | 3 4 5 6 8 9 |  9.1
Dodging        | 2 3 4 5 7 8 |  8.0
Armour         | 3 4 5 6 7 |  7.5
Fighting       | 4 5 6 7 8 |  8.0

Action                   |  1- 3 |  4- 6 |  7- 9 | 10-12 || total
-------------------------+-------+-------+-------+-------++-------
Melee: Falchion          |    84 |   106 |   247 |       ||   437
       Long sword        |       |       |    55 |       ||    55
       Scimitar          |       |       |   109 |   102 ||   211
Throw: Throwing net      |       |     1 |       |       ||     1
Invok: Berserk           |     1 |     4 |     2 |     3 ||    10
       Trog's Hand       |       |     2 |       |       ||     2
Evoke: Wand              |       |       |       |     1 ||     1
  Use: Scroll            |     2 |     4 |     7 |       ||    13
       Potion            |       |     2 |       |     1 ||     3
 Stab: Sleeping          |       |     1 |       |       ||     1
       Held in net/web   |       |     1 |       |       ||     1
Armor: Animal skin       |    27 |    38 |    40 |       ||   105
       Scale mail        |       |       |   196 |    46 ||   242
Dodge: Dodged            |    67 |    82 |   294 |    58 ||   501
       Rpst.: Falchion   |    26 |    27 |    66 |       ||   119
       Long sword        |       |       |    15 |       ||    15
       Scimitar          |       |       |    21 |    15 ||    36
